Map: Selva profunda EE

Players

MrFercho

  • Race: Zerg Zerg
  • League: Silver
  • Spawn Location: 7:00

tigro

  • Race: Terran Terran
  • League: Bronze
  • Spawn Location: 7:00

TATORREA

  • Race: Protoss Protoss
  • League: Silver
  • Spawn Location: 7:00

mcos - Winner!

  • Race: Protoss Protoss
  • Spawn Location: 3:00

HiddenSquid - Winner!

  • Race: Terran Terran
  • Spawn Location: 1:00

noobsforhire - Winner!

  • Race: Zerg Zerg
  • Spawn Location: 1:00

VOD

Have the link to the VOD?

Description

Time

  • Played on: June 12, 2020, 9:25 p.m.
  • Length: 26:56
Show
View Real Time Build Order
Export as new Build Order

MrFercho Zerg 

Build Orders: Hatch First 

Get SALT Encoding   

  12  0:01  Drone  
  13  0:15  Overlord  
  13  0:18  Drone  
  14  0:37  Drone  
  14  0:38  Drone x2  
  17  0:49  Drone  
  18  1:01  Hatchery  
  17  1:05  Drone  
  18  1:18  Spawning Pool  
  17  1:23  Drone x2  
  19  1:42  Extractor  
  19  1:43  Drone x2  
  20  2:01  Drone  
  21  2:08  Overlord  
  21  2:12  Queen  
  23  2:15  Queen  
  23  2:18  Drone x2  
  27  2:23  Drone  
  27  2:26  Drone  
  29  2:35  Drone  
  29  2:36  Drone  
  31  2:37  Spine Crawler  
  31  3:05  Drone x2  
  31  3:06  Drone x2  
  31  3:28  Drone x2  
  31  3:29  Drone x3  
  36  3:42  Baneling Nest  
  36  3:43  Zergling x2  
  36  3:45  Overlord x3  
  36  3:46  Overlord  
  36  4:02  Extractor, Queen  
  35  4:03  Drone  
  35  4:04  Extractor, Drone x3  
  40  4:34  Zergling x10  
  45  4:49  Metabolic Boost  
  45  4:52  Lair  
  45  4:59  Drone  
  46  5:00  Drone x4, Evolution Chamber  
  49  5:12  Baneling  
  49  5:13  Baneling x9  
  49  5:30  Spore Crawler  
  49  5:35  Drone x4  
  49  5:39  Overlord x2  
  49  5:40  Overlord x2  
  52  5:51  Hatchery  
  52  5:55  Extractor, Hatchery  
  52  5:56  Zerg Missile Weapons Level 1  
  49  6:16  Zergling x8  
  49  6:17  Zergling x14  
  60  6:42  Evolution Chamber  
  58  7:18  Zergling x22  
  58  7:19  Zergling x14  
  61  7:51  Hatchery  
  56  8:24  Zergling x14  
  56  8:25  Zergling x18  
  57  8:52  Zerg Missile Weapons Level 2  
  57  8:53  Zerg Ground Armor Level 1  
  57  8:57  Baneling x11  
  57  8:58  Baneling x21  
  57  9:05  Drone  
  57  9:06  Drone x12  
  70  9:26  Hydralisk Den  
  70  9:29  Drone x9  
  78  9:35  Extractor  
  77  9:38  Extractor  
  77  9:42  Centrifical Hooks  
  76  9:49  Zergling x16  
  76  9:50  Zergling x10  
  83  10:02  Hydralisk x7  
  81  10:39  Muscular Augments  
  81  10:43  Queen  
  83  11:01  Drone x5  
  83  11:02  Drone x13  
  100  11:38  Hatchery  
  100  11:39  Hatchery  
  93  11:50  Grooved Spines  
  93  11:59  Hydralisk x5  
  102  12:01  Overlord x2  
  102  12:02  Overlord x6  
  102  12:03  Overlord x5  
  102  12:04  Overlord x2  
  102  12:05  Overlord  
  102  12:32  Hydralisk  
  102  12:33  Hydralisk x9  
  102  12:36  Hatchery  
  121  12:51  Hydralisk x7  
  121  12:52  Hydralisk x3  
  122  13:11  Zerg Ground Armor Level 2  
  114  13:18  Hydralisk x11  
  114  13:19  Hydralisk x6, Infestation Pit  
  123  14:03  Hydralisk x10  
  123  14:04  Hydralisk x2  
  119  14:24  Hydralisk  
  119  14:25  Hydralisk x3  
  125  14:48  Hydralisk x7  
  125  14:49  Hydralisk x11  
  127  15:05  Hive  
  127  15:11  Hydralisk x3  
  127  15:12  Hydralisk x9, Spire  
  150  15:51  Hydralisk  
  150  15:55  Hydralisk x6  
  150  15:56  Hydralisk x14  
  188  16:23  Zerg Missile Weapons Level 3, Zerg Ground Armor Level 3  
  188  16:32  Zerg Flyer Weapons Level 1  
  188  16:33  Mutalisk x6  
  184  17:06  Hydralisk, Mutalisk  
  184  17:07  Mutalisk x9  
  188  17:43  Mutalisk x13  
  188  17:44  Mutalisk x7  
  198  18:15  Spire  
  181  18:26  Hydralisk x15  
  181  18:27  Zerg Flyer Armor Level 1, Hydralisk x7  
  199  18:46  Hydralisk x11  
  199  18:47  Hydralisk x2  
  151  19:07  Queen  
  151  19:08  Hydralisk  
  151  19:09  Hydralisk x15  
  185  19:42  Ultralisk Cavern  
  172  19:54  Hydralisk  
  172  19:55  Hydralisk x13  
  172  19:56  Hydralisk x2  
  144  20:42  Hatchery  
  141  20:45  Extractor x2  
  113  21:02  Ultralisk x3  
  113  21:03  Hydralisk x5  
  113  21:04  Hydralisk x25  
  133  21:05  Hydralisk x2  
  159  21:45  Hatchery  
  159  21:46  Extractor  
  135  21:48  Extractor  
  134  22:14  Hydralisk x7  
  134  22:15  Hydralisk x8  
  162  22:44  Zergling x38  
  166  22:45  Zergling x12  
  181  23:12  Baneling x11  
  181  23:13  Baneling x22  
  181  23:15  Baneling  
  137  23:44  Hydralisk x11  
  137  23:45  Hydralisk  
  132  23:54  Drone x2  
  132  23:55  Drone  
  116  23:58  Hydralisk  
  116  23:59  Hydralisk x4  
  83  25:42  Hydralisk x17  
  71  25:43  Extractor x2  
Show
View Real Time Build Order
Export as new Build Order

tigro Terran 

Build Orders:  

Get SALT Encoding   

  12  0:04  SCV  
  13  0:16  SCV  
  14  0:26  Supply Depot  
  14  0:28  SCV  
  14  0:31  Refinery  
  15  0:40  Refinery  
  15  0:47  SCV  
  16  0:57  Barracks  
  16  0:59  SCV  
  17  1:11  SCV  
  18  1:23  SCV  
  18  1:24  Supply Depot  
  19  1:36  SCV  
  20  1:46  Marine  
  21  1:48  SCV  
  22  2:00  SCV  
  23  2:04  Marine  
  23  2:07  Barracks  
  24  2:22  Marine  
  25  2:36  Engineering Bay  
  25  2:39  Marine  
  26  2:57  Marine  
  27  3:32  Barracks Tech Lab  
  27  3:34  Marine  
  28  3:52  Marine  
  29  4:09  Marine  
  25  4:22  Marine  
  21  4:25  Combat Shield  
  21  4:27  Marine  
  17  4:40  Marine  
  19  4:48  Orbital Command  
  19  4:58  Marine  
  19  5:00  Barracks Tech Lab  
  19  5:07  Terran Infantry Weapons Level 1  
  19  5:16  Marine  
  20  5:21  SCV  
  21  5:33  Marine, SCV  
  23  5:38  Missile Turret  
  23  5:43  Concussive Shells  
  23  5:46  SCV  
  24  5:57  Missile Turret  
  24  5:58  SCV  
  24  6:03  Factory  
  25  6:10  SCV  
  26  6:18  Missile Turret  
  26  6:22  SCV  
  27  6:26  Stimpack  
  27  6:34  SCV  
  28  6:46  SCV  
  29  6:47  Missile Turret  
  29  7:01  Terran Infantry Armor Level 1  
  29  7:08  Factory Tech Lab  
  29  7:16  Command Center  
  29  8:07  Marine  
  29  8:08  Marine  
  31  8:25  Marine x2  
  33  8:31  Refinery  
  29  8:42  Missile Turret  
  29  8:43  Marine  
  21  8:55  Neosteel Armor  
  21  9:03  Starport  
  21  9:04  Missile Turret  
  21  9:05  Marine x2  
  23  9:18  SCV  
  24  9:29  Missile Turret  
  24  9:30  SCV  
  25  9:41  Starport  
  25  9:52  Missile Turret  
  24  10:11  Planetary Fortress  
  24  10:34  Medivac  
  24  10:35  Hi-Sec Auto Tracking  
  25  10:36  Starport Tech Lab  
  25  10:40  Siege Tank  
  28  10:48  Refinery  
  28  10:50  SCV  
  29  11:02  SCV  
  29  11:04  Medivac  
  32  11:12  Siege Tank  
  32  11:15  SCV  
  32  11:18  Fusion Core  
  36  11:44  Siege Tank  
  39  12:16  Siege Tank  
  25  17:27  SCV  
  26  17:40  SCV  
  27  17:52  SCV  
  28  21:36  Command Center  
  15  24:06  SCV  
  16  24:18  SCV  
Show
View Real Time Build Order
Export as new Build Order

TATORREA Protoss 

Build Orders:  

Get SALT Encoding   

  12  0:30  Probe  
  13  0:49  Probe  
  14  0:59  Pylon  
  14  1:02  Probe  
  15  1:14  Assimilator  
  15  1:17  Probe  
  16  1:40  Probe  
  16  1:41  Gateway  
  16  1:44  Gateway x2  
  16  1:47  Gateway  
  17  1:53  Probe  
  18  2:16  Nexus  
  18  2:28  Pylon, Probe  
  19  2:34  Assimilator  
  19  2:44  Zealot  
  19  2:45  Zealot  
  19  2:46  Zealot  
  27  2:51  Zealot  
  27  2:53  Probe  
  28  3:18  Probe  
  29  3:30  Probe  
  29  3:31  Zealot x4  
  38  4:47  Pylon  
  38  4:49  Cybernetics Core  
  38  4:58  Pylon  
  38  5:03  Pylon  
  38  5:08  Pylon  
  38  5:13  Pylon  
  38  5:17  Probe  
  38  5:18  Probe  
  40  5:28  Pylon  
  40  5:29  Probe  
  40  5:30  Probe  
  40  5:31  Pylon  
  42  5:36  Pylon  
  42  5:37  Warp Gate  
  42  5:40  Pylon  
  42  5:41  Stalker x3, Probe  
  42  5:42  Probe  
  50  5:44  Stalker  
  52  5:54  Probe x2  
  54  6:06  Probe x2  
  56  6:15  Stargate  
  56  6:16  Stargate  
  56  6:18  Probe x2  
  58  6:20  Twilight Council  
  58  6:30  Probe x2  
  60  6:42  Probe x2  
  60  6:46  Assimilator  
  62  6:47  Charge  
  62  6:48  Assimilator  
  60  7:01  Oracle x2  
  46  7:48  Probe x2  
  46  8:00  Probe x2  
  49  8:12  Probe  
  49  8:28  Void Ray  
  49  8:29  Void Ray  
  57  8:38  Nexus  
  57  8:43  Probe x2  
  59  8:55  Probe x2  
  61  9:07  Probe  
  61  9:08  Probe  
  63  9:11  Void Ray x2  
  71  9:19  Probe  
  71  9:20  Probe  
  71  9:31  Probe  
  71  9:32  Probe  
  71  9:34  Forge  
  71  9:35  Forge  
  71  9:38  Forge  
  62  9:42  Cybernetics Core  
  62  9:45  Stalker  
  55  9:48  Pylon  
  55  9:49  Stalker  
  55  9:50  Stalker x2  
  61  9:56  Pylon  
  61  9:59  Pylon  
  54  10:02  Pylon  
  54  10:05  Pylon  
  51  10:10  Pylon  
  32  10:38  Probe x2  
  34  10:50  Probe x2  
  34  10:51  Stalker x3  
  34  10:52  Stalker  
  44  11:02  Probe x2  
  46  11:14  Probe x2  
  48  11:18  Stalker  
  48  11:19  Stalker x3  
  56  11:26  Probe x2  
  58  11:38  Probe x2  
  27  17:23  Assimilator  
Show
View Real Time Build Order
Export as new Build Order

mcos Protoss - Winner!

Build Orders: Oracle Opening, Phoenix Opening, Carriers 

Get SALT Encoding   

  1  0:00  Probe  
  12  0:05  Probe  
  14  0:18  Pylon  
  14  0:23  Probe  
  15  0:36  Probe  
  15  0:40  Gateway  
  16  0:48  Probe  
  17  0:53  Assimilator  
  17  1:00  Probe  
  18  1:13  Probe  
  19  1:25  Probe  
  20  1:28  Cybernetics Core  
  20  1:37  Probe  
  20  1:38  Pylon  
  21  1:47  Assimilator  
  21  1:49  Probe  
  22  2:01  Probe  
  23  2:16  Probe  
  23  2:17  Stargate  
  23  2:21  Warp Gate  
  24  2:28  Probe  
  25  2:31  Gateway  
  25  2:40  Probe  
  26  2:45  Pylon  
  26  2:52  Probe  
  26  2:55  Oracle  
  27  3:04  Probe  
  31  3:19  Forge  
  31  3:33  Stalker x2  
  35  3:44  Phoenix  
  35  3:47  Probe  
  35  3:48  Pylon  
  38  3:59  Pylon, Probe, Nexus  
  39  4:20  Probe  
  40  4:32  Probe  
  41  4:38  Assimilator  
  41  4:40  Assimilator  
  41  4:43  Shield Battery  
  41  4:45  Shield Battery, Probe  
  42  4:51  Stalker  
  42  4:52  Stalker  
  46  4:57  Probe  
  47  5:04  Gateway  
  47  5:07  Gateway  
  47  5:09  Probe  
  48  5:17  Robotics Facility  
  48  5:19  Probe  
  48  5:21  Probe  
  50  5:31  Pylon  
  50  5:33  Protoss Shields Level 1  
  50  5:34  Probe x2  
  52  5:47  Phoenix  
  54  5:53  Probe  
  54  5:54  Probe  
  54  5:56  Gateway  
  56  6:07  Warp Prism  
  58  6:18  Stalker  
  60  6:19  Stalker  
  60  6:23  Probe x2  
  60  6:25  Twilight Council  
  64  6:27  Photon Cannon  
  64  6:35  Probe x2  
  66  6:40  Shield Battery  
  66  6:56  Probe  
  66  6:57  Probe  
  66  7:03  Gateway  
  62  7:09  Probe  
  55  7:22  Stalker  
  55  7:23  Stalker x2  
  55  7:24  Stalker x2  
  64  7:32  Charge  
  60  7:54  Protoss Ground Weapons Level 1  
  60  7:56  Probe x2  
  60  7:58  Zealot x2  
  64  7:59  Zealot x4  
  74  8:08  Probe x2  
  76  8:38  Probe  
  76  8:39  Probe  
  78  8:51  Gateway  
  78  8:52  Gateway  
  78  8:57  Pylon  
  78  8:58  Pylon  
  78  9:00  Pylon  
  78  9:15  Probe x2  
  80  9:23  Zealot  
  82  9:24  Zealot  
  82  9:25  Zealot  
  82  9:27  Probe, Zealot x2  
  82  9:30  Zealot  
  93  9:39  Probe  
  92  9:48  Stalker  
  92  9:49  Stalker x3  
  92  9:50  Stalker  
  102  9:54  Phoenix  
  102  9:57  Pylon  
  102  9:58  Pylon  
  90  10:11  Probe  
  87  10:39  Nexus  
  87  10:40  Pylon  
  87  10:47  Probe x2  
  89  10:51  Phoenix  
  89  10:53  Observer  
  89  10:56  Protoss Ground Weapons Level 2  
  91  11:02  Stargate  
  92  11:11  Observer  
  92  11:16  Phoenix  
  95  11:18  Protoss Air Weapons Level 1  
  95  11:25  Zealot  
  95  11:26  Zealot x2  
  95  11:32  Zealot  
  103  11:34  Zealot  
  103  11:35  Zealot  
  103  11:37  Zealot  
  103  11:39  Zealot  
  105  11:41  Phoenix  
  107  11:47  Zealot x2  
  107  11:48  Zealot  
  103  11:59  Probe x2  
  99  12:03  Shield Battery  
  99  12:10  Phoenix x2  
  99  12:11  Probe  
  104  12:30  Fleet Beacon  
  104  12:35  Phoenix x2  
  108  12:37  Assimilator  
  108  12:38  Probe x2  
  108  12:41  Assimilator  
  110  12:50  Probe x2  
  112  12:53  Pylon  
  112  12:55  Pylon  
  111  12:59  Pylon  
  111  13:02  Probe x2  
  113  13:14  Probe  
  114  13:28  Anion Pulse-Crystals  
  108  14:11  Stalker x2  
  108  14:12  Stalker  
  108  14:13  Zealot x4  
  108  14:14  Zealot  
  122  14:18  Carrier  
  122  14:19  Carrier  
  116  14:41  Stalker  
  116  14:42  Zealot x3  
  116  14:43  Zealot x3  
  116  14:44  Zealot  
  114  15:00  Probe x2  
  116  15:08  Probe  
  116  15:12  Probe  
  118  15:20  Probe  
  119  15:32  Carrier, Probe  
  126  15:44  Probe  
  127  15:51  Pylon  
  127  15:54  Protoss Air Weapons Level 2  
  127  15:55  Probe  
  124  16:15  Photon Cannon  
  124  16:16  Photon Cannon  
  123  16:23  Stalker x3  
  123  16:24  Stalker x2  
  123  16:25  Stalker x2  
  137  16:33  Shield Battery  
  137  16:40  Stalker  
  133  16:57  Zealot  
  133  16:58  Zealot x5  
  133  16:59  Zealot  
  123  17:15  Carrier  
  123  17:29  Zealot  
  125  17:30  Zealot x4  
  125  17:31  Zealot  
  125  17:32  Zealot  
  137  17:42  Assimilator  
  131  18:11  Photon Cannon  
  129  18:20  Nexus  
  129  18:22  Pylon  
  129  18:23  Pylon, Carrier  
  135  18:46  Photon Cannon  
  135  18:47  Photon Cannon  
  135  18:56  Carrier  
  141  19:23  Assimilator  
  141  19:29  Assimilator  
  141  20:13  Carrier  
  141  20:14  Carrier  
  147  20:52  Zealot x3  
  147  20:53  Zealot x5  
  159  21:18  Carrier  
  159  21:19  Carrier  
  155  21:26  Protoss Air Weapons Level 3  
  157  21:41  Protoss Shields Level 2  
  157  22:06  Nexus  
  157  22:08  Pylon  
  99  23:06  Carrier x2  
  97  24:26  Assimilator  
  97  24:27  Probe  
  96  24:39  Probe  
  93  24:52  Probe  
  94  25:04  Probe  
Show
View Real Time Build Order
Export as new Build Order

HiddenSquid Terran - Winner!

Build Orders:  

Get SALT Encoding   

  12  0:01  SCV  
  13  0:14  Supply Depot  
  13  0:18  SCV  
  14  0:30  SCV  
  14  0:33  Refinery  
  15  0:45  Barracks  
  15  0:48  SCV  
  16  1:00  SCV  
  17  1:12  SCV  
  18  1:21  Refinery  
  18  1:24  SCV  
  18  1:25  Barracks  
  19  1:34  Reaper  
  20  1:45  Supply Depot  
  20  1:49  Barracks  
  20  1:55  SCV  
  21  2:06  Reaper  
  22  2:16  Reaper  
  23  2:31  Engineering Bay  
  23  2:38  Barracks  
  23  2:39  Orbital Command  
  23  3:05  Reaper  
  23  3:36  Marine  
  19  4:18  Marine x2  
  19  4:20  Terran Infantry Weapons Level 1  
  19  4:24  Factory, SCV  
  22  4:36  Marine, SCV  
  22  4:37  Barracks  
  24  4:46  Barracks Reactor  
  24  4:48  SCV  
  25  4:59  Engineering Bay  
  25  5:00  SCV  
  25  5:06  Marine  
  27  5:09  Factory Tech Lab  
  27  5:15  Starport  
  27  5:16  SCV  
  28  5:23  Factory  
  29  5:32  Starport  
  29  5:35  Barracks Reactor  
  28  5:58  SCV  
  28  6:01  Terran Infantry Armor Level 1  
  28  6:03  Marine x2  
  31  6:08  Factory Tech Lab  
  31  6:17  Command Center, Starport  
  31  6:38  Supply Depot, Barracks Tech Lab, Marine x4  
  31  6:39  SCV  
  36  6:41  Supply Depot  
  36  6:53  Medivac  
  38  6:56  Marine  
  38  6:59  Medivac  
  41  7:24  Siege Tank  
  39  7:46  Marine x5  
  39  7:49  SCV  
  45  8:01  SCV  
  46  8:06  Marine x3  
  49  8:13  Siege Tank  
  49  8:14  Siege Tank  
  49  8:17  Medivac  
  49  8:18  Medivac, Marine x2  
  60  8:34  Marine x2  
  60  8:40  SCV  
  63  8:47  Medivac  
  63  8:48  Medivac  
  64  9:12  Refinery  
  64  9:13  Refinery  
  64  9:17  Medivac  
  64  9:19  Medivac  
  68  9:30  Marine x5  
  73  9:41  SCV  
  73  9:44  SCV  
  75  9:47  Supply Depot  
  75  9:50  Supply Depot  
  75  9:53  SCV  
  76  10:05  SCV  
  77  10:09  Marine x4  
  77  10:12  Marine  
  82  10:15  Medivac  
  82  10:18  SCV  
  85  10:22  Siege Tank x2  
  84  10:45  SCV  
  85  10:50  Starport Tech Lab  
  85  10:52  Starport Tech Lab x2  
  85  10:59  Siege Tank  
  85  11:01  Command Center  
  88  11:08  Orbital Command  
  88  11:38  Marine x2  
  90  11:40  SCV  
  91  11:51  Supply Depot  
  91  11:54  Supply Depot  
  91  11:55  Supply Depot  
  91  12:11  Viking x2  
  91  12:12  Viking  
  91  12:14  Refinery  
  97  12:17  Marine x2  
  99  12:26  Refinery  
  99  12:34  Armory  
  99  12:35  Supply Depot  
  99  12:41  Viking x2  
  99  12:42  Viking  
  105  12:46  SCV  
  106  12:52  Starport  
  106  12:58  SCV  
  107  13:04  SCV  
  108  13:13  Viking x3  
  108  13:16  SCV  
  115  13:29  SCV  
  116  13:37  Viking  
  118  13:49  Starport  
  118  13:50  Marine  
  118  13:51  Marine  
  118  13:55  Marine x2  
  121  14:01  Siege Tank  
  121  14:02  Siege Tank  
  128  14:07  Viking  
  130  14:24  Marine x2  
  130  14:25  Marine x3  
  135  14:41  Viking x4  
  143  14:48  Siege Tank x2  
  140  15:02  SCV  
  141  15:07  Marine x2  
  141  15:11  Viking x3  
  150  15:14  SCV  
  150  15:38  Starport Tech Lab  
  150  15:55  Viking  
  150  15:56  Viking x2  
  156  16:02  Viking x2  
  132  16:30  Viking x2  
  132  16:31  Viking x2, Marine x2  
  142  16:39  Viking  
  136  17:00  Viking  
  111  18:16  Refinery  
  111  18:22  Command Center  
  111  18:29  Command Center  
  111  18:30  Marine x5  
  116  18:41  Refinery  
  116  18:52  Medivac x3  
  121  18:57  Marine x3  
  121  18:58  Marine  
  121  19:01  Marine  
  126  19:15  Marine x3  
  129  19:25  Medivac x2  
  99  20:08  Marine  
  99  20:09  Marine x4  
  80  20:26  Marine x2  
  80  20:27  Marine x3  
  85  20:35  SCV  
  67  20:44  Marine x4  
  67  20:45  Marine  
  64  21:02  Marine x5  
  69  21:13  Siege Tank  
  72  21:20  Marine x5  
  73  21:38  Marine x3  
  76  21:46  Siege Tank  
  76  21:47  Siege Tank  
  83  22:01  SCV  
  83  22:08  Marine x4  
  86  22:12  SCV  
  86  22:13  SCV  
  89  22:18  Siege Tank  
  89  22:19  Siege Tank  
  95  22:24  SCV  
  95  22:25  SCV  
  97  22:34  Marine x2  
  97  22:35  Marine x3  
  97  22:36  SCV  
  103  22:37  SCV  
  104  22:49  SCV  
  102  22:57  Marine x4  
  100  23:02  SCV  
  97  23:06  Marine  
  97  23:09  Medivac  
  99  23:14  SCV  
  99  23:15  Marine x4  
  97  23:24  Marine  
  66  23:56  Orbital Command  
  58  24:10  Marine x2  
  58  24:11  Marine x3  
  63  24:23  Command Center  
  63  24:28  Marine x3  
  63  24:29  Marine  
  67  24:31  Siege Tank  
  67  24:32  Siege Tank  
  73  24:49  Medivac  
  73  24:50  Medivac  
  77  24:55  Marine  
  77  24:56  Marine x4  
  82  25:13  Marine x2  
  82  25:14  Marine x2  
  85  25:21  Marine  
  87  25:22  Medivac x2  
  91  25:31  Marine x3  
  89  25:45  Medivac x2  
  93  26:06  Siege Tank x2  
  93  26:07  Marine x4  
  103  26:17  Marine  
  104  26:24  Marine  
  104  26:25  Marine x3  
  107  26:35  Marine  
Show
View Real Time Build Order
Export as new Build Order

noobsforhire Zerg - Winner!

Build Orders: Pool First 

Get SALT Encoding   

  12  0:00  Drone  
  13  0:22  Spawning Pool  
  13  0:26  Extractor  
  13  0:28  Drone  
  12  0:33  Drone  
  13  0:41  Overlord  
  13  0:46  Drone  
  14  0:59  Drone  
  14  1:01  Drone  
  16  1:12  Zergling x2  
  16  1:16  Queen  
  19  1:23  Zergling x2  
  20  1:33  Zergling x2  
  21  1:51  Metabolic Boost  
  21  1:56  Zergling x2  
  21  1:57  Overlord  
  22  2:02  Extractor  
  22  2:06  Lair  
  21  2:09  Zergling x2  
  22  2:20  Drone  
  23  2:28  Zergling x6  
  26  2:39  Zergling x2  
  27  2:44  Drone  
  22  3:41  Zergling x6  
  22  3:46  Hydralisk Den  
  21  4:00  Drone  
  21  4:01  Drone  
  23  4:23  Zergling x2  
  23  4:24  Zergling x8  
  26  4:42  Hatchery, Hydralisk  
  26  4:43  Hydralisk  
  29  4:51  Evolution Chamber  
  28  5:06  Grooved Spines  
  28  5:08  Drone  
  28  5:10  Overlord  
  29  5:33  Hydralisk x3  
  29  5:34  Hydralisk  
  37  5:52  Overlord  
  37  5:53  Overlord  
  37  5:59  Drone  
  37  6:00  Drone  
  39  6:18  Drone  
  39  6:19  Drone x3  
  43  6:40  Drone x5  
  48  6:57  Drone  
  48  6:58  Drone x5  
  54  7:14  Spine Crawler  
  53  7:16  Spine Crawler  
  53  7:22  Hydralisk x2  
  46  7:40  Drone  
  46  7:41  Drone x4  
  48  8:01  Hydralisk x2  
  52  8:06  Queen  
  50  8:44  Hydralisk x5  
  60  8:51  Extractor  
  60  8:55  Extractor  
  58  8:59  Hydralisk  
  58  9:02  Overlord  
  60  9:03  Overlord x2  
  60  9:07  Zerg Ground Armor Level 1  
  60  9:12  Evolution Chamber  
  60  9:16  Drone  
  60  9:28  Hatchery  
  60  9:29  Drone x2  
  61  9:46  Muscular Augments  
  49  10:09  Hydralisk x4  
  49  10:10  Hydralisk x2  
  59  10:21  Hydralisk x2  
  49  10:39  Drone  
  49  10:40  Drone x2  
  52  10:54  Hydralisk  
  52  10:55  Queen, Hydralisk x3  
  62  11:01  Zerg Missile Weapons Level 1  
  62  11:07  Drone  
  63  11:18  Zerg Ground Armor Level 2  
  63  11:20  Drone x6  
  69  11:32  Infestation Pit  
  68  11:34  Drone  
  68  11:35  Drone x3  
  72  11:40  Drone x2  
  74  12:19  Hive  
  74  12:21  Pneumatized Carapace  
  74  12:30  Extractor  
  74  12:34  Extractor, Hydralisk  
  74  12:35  Hydralisk x8  
  90  12:37  Overlord x2  
  90  12:58  Hydralisk  
  90  12:59  Hydralisk x3  
  96  13:10  Hydralisk  
  96  13:11  Hydralisk x2  
  98  13:15  Overlord x4  
  94  13:44  Hydralisk x4  
  94  13:45  Hydralisk x4  
  72  14:15  Hydralisk  
  72  14:16  Hydralisk x6  
  78  14:30  Hydralisk  
  78  14:31  Hydralisk x4  
  72  14:46  Hydralisk  
  72  14:47  Hydralisk x2  
  78  14:56  Hydralisk x4  
  86  15:15  Nydus Network  
  86  15:16  Hydralisk x3  
  86  15:17  Hydralisk  
  93  15:29  Drone  
  93  15:30  Drone x2  
  96  15:45  Hatchery  
  95  16:05  Viper  
  95  16:06  Viper  
  41  17:30  Hydralisk x3  
  41  17:31  Hydralisk x14  
  68  17:54  Hydralisk x2  
  68  17:55  Extractor x2  
  68  17:56  Hatchery  
  69  18:02  Overseer  
  69  18:15  Hydralisk x6  
  81  18:42  Overlord x3  
  63  18:58  Hydralisk x5  
  73  19:11  Extractor  
  73  19:13  Drone x7  
  79  19:23  Drone  
  80  19:24  Hydralisk x2  
  50  19:56  Hydralisk x5  
  48  20:16  Hydralisk  
  48  20:17  Hydralisk x2  
  54  20:35  Hydralisk  
  54  20:36  Hydralisk x3  
  62  20:45  Hydralisk x2  
  64  21:07  Nydus Network  
  63  21:13  Hydralisk  
  63  21:14  Hydralisk x2  
  63  21:55  Hydralisk  
  63  21:56  Hydralisk x8  
  63  22:01  Queen  
  81  22:05  Queen  
  85  22:11  Queen  
  87  22:31  Hatchery  
  87  22:33  Hydralisk  
  87  22:34  Hydralisk x7  
  90  23:28  Overseer  
  90  23:33  Hydralisk x6  
  90  23:34  Hydralisk x3  
  90  23:36  Overlord x3  
  106  24:17  Drone x5  
  106  24:18  Drone  
  111  24:39  Drone  
  112  24:46  Overlord  
  112  24:57  Extractor  
  111  25:12  Nydus Canal  
  111  25:17  Hydralisk  
  111  25:18  Hydralisk  
  107  26:07  Hydralisk  
Tags
 
Add a new tag
Caveats
  • Supply blocks, unpowered buildings, or Contaminate may cause inaccurate times.
  • Supply counts are checked every 10 seconds.